 Dungeon Crawl Stone Soup version 0.30-a0-474-g5673dd7ce6 (webtiles) character file.

Game seed: 10897481884444464998

23 Majang the Slasher (level 2, 0/22 HPs)
             Began as a Vampire Gladiator on Dec 20, 2022.
             Slain by a sixfirhy (12 damage)
             ... summoned by Xom
             ... on level 1 of the Dungeon.
             The game lasted 00:02:50 (870 turns).

Majang the Slasher (Vampire Gladiator)               Turns: 870, Time: 00:02:51

Health: 0/22       AC:  4    Str: 13    XL:     2   Next: 72%
Magic:  2/2        EV: 12    Int: 10    God:
Gold:   46         SH:  0    Dex: 15    Spells: 1/1 levels left

rFire   + . .      SeeInvis +    a - +0 long sword
rCold   . . .      Faith    .    (no shield)
rNeg    . . .      Spirit   .    b - +0 leather armour
rPois   .          Reflect  .    c - +0 helmet
rElec   .          Harm     .    (no cloak)
rCorr   .          Rampage  .    (no gloves)
Will    .....                    (no boots)
Stlth   +.........               (no amulet)
HPRegen 0.43/turn                i - ring of protection from fire
MPRegen 0.08/turn                (no ring)

@: healing quickly
A: alive, fangs 3, see invisible, vampiric 1
a: Exsanguinate


You were on level 1 of the Dungeon.
You visited 1 branch of the dungeon, and saw 1 of its levels.

You collected 46 gold pieces.

Inventory:

Hand Weapons
 a - a +0 long sword (weapon)
 h - a +0 sling
 j - a +2 dagger of pain
Missiles
 d - 3 throwing nets (quivered)
 e - a javelin
Armour
 b - a +0 leather armour (worn)
 c - a +0 helmet (worn)
Jewellery
 i - a ring of protection from fire (left hand)
Scrolls
 f - 2 scrolls of identify {unknown}
 g - a scroll of fog {unknown}


   Skills:
 + Level 2.2 Fighting
 * Level 3.7 Long Blades
 - Level 1.5 Throwing
 - Level 3.2 Dodging


You had one spell level left.
You didn't know any spells.
Your spell library was empty.

Dungeon Overview and Level Annotations

Branches:
Dungeon (1/15)

Altars:
Xom


Innate Abilities, Weirdness & Mutations

Your natural rate of healing is accelerated.
You have razor-sharp teeth.
You have supernaturally acute eyesight. (SInv)
You are afflicted with vampirism.


Message History

The frilled lizard closely misses you. x2
You closely miss the frilled lizard. The frilled lizard bites you.
You closely miss the frilled lizard.
The frilled lizard bites you but does no damage.
You miss the frilled lizard. The frilled lizard closely misses you.
You miss the frilled lizard. The frilled lizard barely misses you.
The frilled lizard closely misses you.
You closely miss the frilled lizard. The frilled lizard closely misses you.
You closely miss the frilled lizard. Your bite misses the frilled lizard.
The frilled lizard closely misses you.
You hit the frilled lizard.
You kill the frilled lizard!
You see here a frilled lizard corpse.
Really renounce your faith, foregoing its fabulous benefits?
Are you sure?
Uppercase [Y]es or [N]o only, please.
Are you sure?
You have lost your religion!
Xom does not appreciate desertion!
A giant cockroach comes into view.
Found 8 gold pieces.
The giant cockroach bites you but does no damage.
You hit the giant cockroach.
The giant cockroach is heavily wounded.
The giant cockroach closely misses you.
The giant cockroach bites you but does no damage.
You barely miss the giant cockroach.
The giant cockroach is heavily wounded.
The giant cockroach closely misses you.
You slash the giant cockroach!
You kill the giant cockroach!
You see here a giant cockroach corpse.
You now have 46 gold pieces (gained 8). "Time to have some fun!"
You barely miss the crimson imp.
You hit the crimson imp but do no damage.
The crimson imp hits you but does no damage.
The sixfirhy hits you! The sixfirhy shocks you!
Ouch! That really hurt!
You die...

############
#.......†...
#.#########.
#########†#
###'
#53@55....#
####...
#5#########
#..'... #
#.##...
#.##...
#.##### #.#
#.#####
######.#....
.............


You could see a sixfirhy (summoned), 2 iron imps, a crimson imp (summoned) and a
shadow imp (summoned).

Vanquished Creatures
  2 ball pythons (D:1)
  2 endoplasms (D:1)
  A giant cockroach (D:1)
  2 goblins (D:1)
  A hobgoblin (D:1)
  2 quokkas (D:1)
  5 bats (D:1)
  2 frilled lizards (D:1)
  3 rats (D:1)
20 creatures vanquished.

Notes
Turn   | Place    | Note
-------+----------+-------------------------------------------
     0 | D:1      | Majang the Vampire Gladiator began the quest for the Orb.
     0 | D:1      | Reached XP level 1. HP: 16/16 MP: 1/1
   136 | D:1      | Found a faded altar of an unknown god.
   140 | D:1      | Prayed at the altar of an unknown god.
   140 | D:1      | Became a worshipper of Xom of Chaos
   380 | D:1      | Reached XP level 2. HP: 17/22 MP: 2/2
   396 | D:1      | XOM: noise
   455 | D:1      | XOM: divination: detect items
   849 | D:1      | Fell from the grace of Xom
   868 | D:1      | XOM: summons 5 hostile demons
   869 | D:1      | Noticed a crimson imp
   869 | D:1      | Noticed a sixfirhy
   870 | D:1      | Slain by a sixfirhy

Illustrated notes

Levels and vault maps discovered:
D:1:      onia_arrival_pyramid, layout_basic,
          hellmonk_ecumenical_altar_leap_of_faith, minmay_heptomino_h4

Skill      XL: |  1 |
---------------+----+-----
Fighting       | 2 |  2.2
Long Blades    | |  3.7
Throwing       | |  1.5
Dodging        | |  3.2

Action                   || total
-------------------------++-------
Melee: Long sword        ||    62
       Bite              ||     5
Invok: Renounce Religion ||     1
Armor: Leather armour    ||    17
Dodge: Dodged            ||    52

Table legend: (Time is in decaauts)
 A = Elapsed time spent in this place.
 B = Non-inter-level travel time spent in this place.
 C = Inter-level travel time spent in this place.
 D = Time resting spent in this place.
 E = Time spent auto-exploring this place.
 F = Levels seen in this place.
 G = Mean time per level.
                   A        B        C        D        E       F      G
               +--------+--------+--------+--------+--------+-----+--------+
         Total |    883 |    883 |      0 |      0 |    667 |   1 |  883.0 |
       Dungeon |    883 |    883 |      0 |      0 |    667 |   1 |  883.0 |
               +--------+--------+--------+--------+--------+-----+--------+

Top non-repeatable levels by time:
     D:1: 883 daAuts
